 Dungeon Crawl Stone Soup version 0.29-a0-557-g43b9904bd1 (webtiles) character file.

Game seed: 13635684212789126418

4599 kae the Arsonist (level 9, -11/62 HPs)
             Began as a Demigod Fire Elementalist on June 8, 2022.
             Mangled by a two-headed ogre
             ... wielding a +0 giant club
              (15 damage)
             ... on level 9 of the Dungeon.
             The game lasted 00:08:36 (12125 turns).

kae the Arsonist (Demigod Fire Elementalist)       Turns: 12125, Time: 00:08:37

Health: -11/62     AC: 10    Str:  4    XL:     9   Next: 99%
Magic:  1/21       EV: 11    Int: 41    God:
Gold:   264        SH:  0    Dex: 14    Spells: 2/19 levels left

rFire   . . .      SeeInvis +   d - +1 whip (protect)
rCold   . . .      Faith    .   (no shield)
rNeg    + . .      Spirit   .   A - +6 leather armour "Yraimyuth" {SInv}
rPois   .          Reflect  .   (no helmet)
rElec   .          Harm     .   n - +0 cloak
rCorr   .          Rampage  .   (no gloves)
Will    .....                   (no boots)
Stlth   ++........              (no amulet)
HPRegen 0.20/turn               v - ring "Wuxosch" {+Blink rN+ Str-5 Int+6}
MPRegen 0.17/turn               e - +6 ring of intelligence

@: no status effects
A: high MP 1, forlorn, divine attributes
a: Evoke Blink


You were on level 9 of the Dungeon.
You visited 1 branch of the dungeon, and saw 9 of its levels.
You also visited: Sewer.

You collected 464 gold pieces.
You spent 200 gold pieces at shops.

Inventory:

Hand Weapons
 d - a +1 whip of protection (weapon)
Armour
 a - a +1 robe
 n - a +0 cloak (worn)
 A - the +6 leather armour "Yraimyuth" (worn) {SInv}
   (You found it on level 8 of the Dungeon)

   SInv:      It lets you see invisible.
Jewellery
 c - a ring of positive energy
 e - a +6 ring of intelligence (right hand)
 m - a ring of see invisible
 v - the ring "Wuxosch" (left hand) {+Blink rN+ Str-5 Int+6}
   (You bought it in a shop on level 5 of the Dungeon)

   [ring of intelligence]

   Str:       It affects your strength (-5).
   Int:       It affects your intelligence (+6).
   rN:        It protects you from negative energy.
   +Blink:    It lets you blink.
Wands
 g - a wand of digging (3)
 q - a wand of charming (12)
 t - a wand of iceblast (14)
 u - a wand of flame (22)
 z - a wand of paralysis (13)
Scrolls
 h - 5 scrolls of teleportation
 p - a scroll of amnesia
 s - a scroll of fear
 w - 4 scrolls of blinking
 x - 3 scrolls of enchant armour
 y - 9 scrolls of identify
Potions
 b - 3 potions of magic
 f - 7 potions of curing
 i - 2 potions of might
 j - 4 potions of haste
 k - a potion of brilliance
 l - 7 potions of flight
 o - a potion of invisibility
 r - 2 potions of heal wounds


   Skills:
 - Level 1.7 Dodging
 - Level 1.7 Stealth
 + Level 5.8 Spellcasting
 * Level 8.7 Conjurations
 * Level 9.1 Fire Magic


You had 2 spell levels left.
You knew the following spells:

 Your Spells              Type           Power      Damage    Failure   Level
a - Foxfire               Conj/Fire      100%       2x1d9     1%          1
b - Scorch                Fire           100%       2d10      1%          2
c - Conjure Flame         Conj/Fire      71%        6-21      1%          3
d - Inner Flame           Hex/Fire       49%        N/A       1%          3
e - Flame Wave            Conj/Fire      71%        2d13      1%          4
f - Sticky Flame          Conj/Fire      71%        2d8       1%          4

Your spell library contained the following spells:

 Spells                   Type           Power      Damage    Failure   Level
 Magic Dart               Conj           100%       1d8       1%          1
 Searing Ray              Conj           100%       2d8       1%          2
 Static Discharge         Conj/Air       48%        N/A       1%          2
 Freeze                   Ice            48%        1d7       4%          1
 Fulminant Prism          Conj/Hex       24%        3d13      8%          4
 Hailstorm                Conj/Ice       48%        3d11      8%          4
 Frozen Ramparts          Ice            24%        1d4       14%         3
 Dispel Undead            Necr           12%        3d9       41%         4
 Summon Forest            Summ/Tloc      6%         N/A       77%         5
 Summon Mana Viper        Hex/Summ       12%        N/A       77%         5
 Summon Cactus Giant      Summ           6%         N/A       100%        6


Dungeon Overview and Level Annotations

Branches:
Dungeon (9/15)             Temple (0/1) D:5            Lair (0/6) D:9
  Sewer (visited)
    Orc: D:9-12

Shops:
D:5 (*   D:6 (   D:8 ?*


Innate Abilities, Weirdness & Mutations

You have an increased reservoir of magic. (+10% MP)
You shall have no god before yourself.
Your divine heritage dramatically boosts your attributes as you level up.


Message History

The flame wave engulfs the two-headed ogre!
The two-headed ogre is moderately wounded. (Press . to intensify the flame waves.)
The bush is engulfed in blazing flames.
The two-headed ogre barely misses you.
The two-headed ogre hits you with a +0 giant spiked club!
A wave of flame ripples out!
The flame wave engulfs the two-headed ogre!
The two-headed ogre is moderately wounded.
The bush is engulfed in blazing flames.
A wave of flame ripples out!
The flame wave engulfs the two-headed ogre.
The two-headed ogre is heavily wounded.
The flame wave engulfs the bush but does no damage.
The bush is almost destroyed.
You finish channelling waves of flame.
The bush is engulfed in blazing flames.
The two-headed ogre hits you with a +0 giant club!
The two-headed ogre barely misses you.
Casting: Flame Wave (dangerous; 1% risk of failure)
Confirm with . or Enter, or press ? or * to list all spells.
Casting: Flame Wave (dangerous; 1% risk of failure)
Press: ? - help, Dir - look around, f - activate A wave of flame ripples out!
The flame wave engulfs the two-headed ogre!
The two-headed ogre is heavily wounded. (Press . to intensify the flame waves.)
The bush is engulfed in blazing flames.
You destroy the bush!
The two-headed ogre hits you with a +0 giant club.
The two-headed ogre misses you.
A wave of flame ripples out!
The flame wave engulfs the two-headed ogre!
The two-headed ogre is severely wounded.
A wave of flame ripples out!
The flame wave engulfs the two-headed ogre.
The two-headed ogre is severely wounded.
You finish channelling waves of flame.
The two-headed ogre hits you with a +0 giant club!
* * * LOW HITPOINT WARNING * * *
The two-headed ogre hits you with a +0 giant spiked club!
You die...

*,,*,,≈≈≈,,* *,, *,,,,≈≈≈≈≈.*
*,* *,,,,≈≈_≈≈.#* *,*
*,,*,≈≈,≈≈..* **##*** *,*
*,,,,≈≈,≈≈§.##*##...,,*** *,*
*,*,,≈≈,≈≈§......P.P,,,,***,*
*,*,,≈,,,≈,..#......,,,,,**,*
*,**,≈,8,≈,#........,,,,,,*,*
*,**,,,,,,,#@†§..PP.,,,,,,,,,
*,***,***,*#†O).♣.PP,,,,,,,,*
*,***,**,,,......P..,,*,,,,,*
*,**,,,,*,##†..§...>,,,,,,,**
*,,,,,,,*,*#.....P.P,,,,,,,,,
****,,,,*,*#......P.,,,,,,,,*
**,**,,,..♣.PP...P..P.P#,*
*,***,*............h♣.*,* *,*
*,*,**,,?.P......,#,*


You could see a two-headed ogre.

Vanquished Creatures
  A wraith (D:8)
  A wyvern (D:9)
  2 basilisks
  A steam dragon (D:7)
  6 water moccasins
  An ice beast (D:6)
  A sky beast (D:7)
  3 black bears
  2 ogres
  2 centaurs
  3 wolves (D:9)
  2 phantoms
  A kobold brigand (D:3)
  4 bullfrogs
  A necrophage (D:5)
  A gnoll sergeant (D:6)
  3 scorpions
  8 wights
  4 howler monkeys
  5 hounds
  2 orc priests (D:7)
  Jessica (D:2)
  A gnoll shaman (D:7)
  3 iguanas
  6 orc wizards
  5 river rats (Sewer)
  12 adders
  10 gnolls
  A white imp (D:7)
  2 ufetubi
  7 worms
  2 dart slugs
  30 orcs
  18 ball pythons
  13 bats
  11 endoplasms
  5 giant cockroaches
  12 goblins
  5 hobgoblins
  18 jackals
  7 kobolds
  4 quokkas
  5 frilled lizards
  3 rats
  2 bushes (D:9)
237 creatures vanquished.

Vanquished Creatures (collateral kills)
  A bat (D:4)
1 creature vanquished.

Vanquished Creatures (others)
  An orc wizard (D:8)
  A gnoll (D:4)
  600 foxfires
  A fungus (D:9)
  3 plants
  5 toadstools (D:1)
611 creatures vanquished.

Grand Total: 849 creatures vanquished

Notes
Turn   | Place    | Note
-------+----------+-------------------------------------------
     0 | D:1      | kae the Demigod Fire Elementalist began the quest for the
                  | Orb.
     0 | D:1      | Reached XP level 1. HP: 14/14 MP: 5/5
    15 | D:1      | Reached skill level 1 in Conjurations
   407 | D:1      | Reached skill level 3 in Fire Magic
   407 | D:1      | Reached XP level 2. HP: 8/20 MP: 1/7
   597 | D:1      | Learned a level 2 spell: Scorch
  1504 | D:2      | Reached XP level 3. HP: 26/26 MP: 6/8
  1699 | D:2      | Noticed Jessica
  1703 | D:2      | Killed Jessica
  2523 | D:2      | Reached XP level 4. HP: 33/33 MP: 5/10
  4116 | D:3      | Noticed a kobold brigand
  4132 | D:3      | Killed a kobold brigand
  4133 | D:3      | Reached skill level 4 in Fire Magic
  4133 | D:3      | Reached XP level 5. HP: 38/38 MP: 5/11
  4442 | D:4      | Found a glowing drain.
  4514 | Sewer    | Entered a sewer
  4787 | Sewer    | Reached XP level 6. HP: 45/45 MP: 10/13
  4912 | Sewer    | HP: 2/45 [cloud of steam (7)]
  6155 | D:5      | Entered Level 5 of the Dungeon
  6224 | D:5      | Found Ziggig's Antique Weapon Shoppe.
  6284 | D:5      | Learned a level 3 spell: Conjure Flame
  6288 | D:5      | Learned a level 3 spell: Inner Flame
  6517 | D:5      | Reached skill level 5 in Fire Magic
  6932 | D:5      | Reached XP level 7. HP: 50/50 MP: 5/15
  7080 | D:5      | Reached skill level 5 in Conjurations
  7198 | D:5      | Found a staircase to the Ecumenical Temple.
  7243 | D:5      | Found Yraufa's Assorted Antiques.
  7246 | D:5      | Bought a scroll of identify for 40 gold pieces
  7246 | D:5      | Bought a glittering copper ring for 100 gold pieces
  7246 | D:5      | Identified the ring "Wuxosch" {+Blink rN+ Str-5 Int+6} (You
                  | bought it in a shop on level 5 of the Dungeon)
  7601 | D:6      | Found Rutsad's Weapon Boutique.
  7654 | D:6      | Reached skill level 6 in Fire Magic
  7659 | D:6      | Learned a level 4 spell: Flame Wave
  8306 | D:6      | Reached XP level 8. HP: 50/57 MP: 14/17
  9588 | D:7      | Reached skill level 7 in Fire Magic
 10507 | D:7      | Reached XP level 9. HP: 30/62 MP: 8/20
 10774 | D:7      | Reached skill level 5 in Spellcasting
 11132 | D:8      | Identified the +6 leather armour "Yraimyuth" {SInv}
 11166 | D:8      | Learned a level 4 spell: Sticky Flame
 11192 | D:8      | Reached skill level 8 in Fire Magic
 11235 | D:8      | Found Bent's Magic Scroll Shoppe.
 11244 | D:8      | Bought a scroll of identify for 30 gold pieces
 11244 | D:8      | Bought a scroll of identify for 30 gold pieces
 11267 | D:8      | Found Uris's General Store.
 12091 | D:9      | Found a staircase to the Lair.
 12102 | D:9      | Reached skill level 9 in Fire Magic
 12112 | D:9      | Noticed a two-headed ogre
 12125 | D:9      | Mangled by a two-headed ogre

Illustrated notes

Levels and vault maps discovered:
D:1:      ldierk_walled_garden, layout_loops_cross,
          shapermc_ecumenical_altar_hornbeckon, minmay_tetromino_o2
D:2:      minmay_skewed_foursquare, layout_basic,
          nicolae_concentric_dashed_squares_mild, minmay_statues_item,
          kennysheep_generic_room_2, uniq_jessica
D:3:      layout_basic, beargit_hepliaklqana_dungeon_heroes,
          nicolae_figureground_pulse
D:4:      layout_rooms, mainiacjoe_overflow_concentric_impassable,
          cheibrodos_sewer_entry_sluice
D:5:      layout_loops_ring, temple_hall, serial_shops, kennysheep_mini,
          nicolae_square_shop
D:6:      layout_loops_ring, serial_shops, nicolae_shop_trees
D:7:      layout_loops_corners, general_overflow_altar
D:8:      layout_basic, amcnicky_altar_gilded, serial_shops,
          nicolae_stop_n_shop_2, nicolae_shop_trees
D:9:      layout_loops_ring, mainiacjoe_overflow_catwalk,
          nicolae_overflow_hidden_temple, minmay_lair_entry_grove, serial_shops,
          shop_statue, enter_bailey_5

Skill      XL: |  1  2  3  4  5  6  7  8  9 |
---------------+----------------------------+-----
Conjurations   | 1 2 3 4 5 7 8 |  8.7
Fire Magic     | 3 4 5 6 7 9 |  9.1
Spellcasting   | 2 3 4 5 |  5.8
Dodging        | |  1.7
Stealth        | |  1.7

Action                   |  1- 3 |  4- 6 |  7- 9 || total
-------------------------+-------+-------+-------++-------
Melee: Whip              |       |    13 |    11 ||    24
 Cast: Foxfire           |    69 |   163 |   125 ||   357
       Scorch            |     8 |    18 |    63 ||    89
       Flame Wave        |       |       |    12 ||    12
       Conjure Flame     |       |       |     2 ||     2
Evoke: Wand              |       |     1 |       ||     1
  Use: Scroll            |       |    15 |     5 ||    20
       Potion            |       |     2 |     1 ||     3
Armor: Robe              |       |    18 |    26 ||    44
       Leather armour    |       |       |    13 ||    13
Dodge: Dodged            |    14 |    39 |    86 ||   139

Table legend: (Time is in decaauts)
 A = Elapsed time spent in this place.
 B = Non-inter-level travel time spent in this place.
 C = Inter-level travel time spent in this place.
 D = Time resting spent in this place.
 E = Time spent auto-exploring this place.
 F = Levels seen in this place.
 G = Mean time per level.
                   A        B        C        D        E       F      G
               +--------+--------+--------+--------+--------+-----+--------+
         Total |  12341 |  11985 |    356 |    302 |   9998 |  10 | 1234.1 |
       Dungeon |  11026 |  10670 |    356 |    239 |   8994 |   9 | 1225.1 |
         Sewer |   1315 |   1315 |      0 |     63 |   1003 |   1 | 1315.0 |
               +--------+--------+--------+--------+--------+-----+--------+

Top non-repeatable levels by time:
     D:7: 2031 daAuts
     D:5: 1678 daAuts
     D:2: 1459 daAuts
     D:1: 1447 daAuts
     D:3: 1348 daAuts
   Sewer: 1315 daAuts
     D:6: 1221 daAuts
     D:8: 1017 daAuts
     D:4: 780 daAuts
     D:9: 41 daAuts
